 Dungeon Sprint DCSS version 0.22-a0-369-gc73351f (webtiles) character file.

440 Kidiri the Covert (level 6, -4/32 HPs)
             Began as a Spriggan Enchanter on Apr 24, 2018.
             Was an Initiate of Dithmenos.
             Slain by Sonja
             ... wielding a +1 dagger of distortion
              (20 damage)
             ... in the Dungeon (Sprint I: "Red Sonja").
             The game lasted 00:01:34 (364 turns).

Kidiri the Covert (Spriggan Enchanter)               Turns: 364, Time: 00:01:35

Health: -4/32      AC:  2    Str:  4    XL:     6   Next: 70%
Magic:  17/17      EV: 25    Int: 18    God:    Dithmenos [......]
Gold:   297        SH:  0    Dex: 17    Spells: 8/20 levels left

rFire    . . .     SeeInvis +   a - +1 dagger
rCold    . . .     Gourm    .   (shield restricted)
rNeg     . . .     Faith    .   b - +0 robe
rPois    .         Spirit   .   (helmet restricted)
rElec    .         Reflect  .   (no cloak)
rCorr    .         Harm     .   (gloves unavailable)
MR       +....     NoTele   +   (boots unavailable)
Stlth    +++++.....             (no amulet)
HPRegen  0.10/turn              (no ring)
MPRegen  0.15/turn              (no ring)

@: very quick
A: very small, unfitting armour, see invisible, herbivore, speed 3, slow
metabolism 2
a: Renounce Religion


You were in the Dungeon.
You worshipped Dithmenos.
Dithmenos was noncommittal.
You were not hungry.

You visited 1 branch You collected 297 gold pieces.

Inventory:

Hand Weapons
 a - a +1 dagger (weapon)
Armour
 b - a +0 robe (worn)
Scrolls
 c - a scroll of identify {unknown}
 j - a scroll of blinking
Potions
 e - a potion of curing
 f - a potion of heal wounds
 g - a potion of haste
 h - 3 potions of magic
Comestibles
 d - 2 rations


   Skills:
 + Level 3.3 Fighting
 * Level 6.7 Short Blades
 + Level 3.1 Armour
 * Level 9.2 Dodging
 * Level 10.5 Stealth
 * Level 7.8 Spellcasting
 + Level 6.4 Hexes


You had 8 spell levels left.
You knew the following spells:

 Your Spells              Type           Power        Failure   Level  Hunger
a - Corona                Hex            ####...      1%          1    None
b - Ensorcelled Hibernat  Hex/Ice        ###...       4%          2    None
c - Confuse               Hex            ####....     2%          3    #......
d - Tukima's Dance        Hex            ####....     2%          3    #......
e - Dazzling Spray        Conj/Hex       ###...       9%          3    #......


Dungeon Overview and Level Annotations

Branches:
Dungeon (1/1)

Altars:
Cheibriados
Dithmenos
Elyvilon
Fedhas
Gozag
Hepliaklqana
Kikubaaqudgha
Nemelex Xobeh
Okawaru
Qazlal
Ru
Sif Muna
Trog
Uskayaw
Vehumet
Wu Jian
Yredelemnul
Zin
The Shining One

Shops:
D [

Annotations:
D Sonja


Innate Abilities, Weirdness & Mutations

You are very small and have problems with some larger weapons.
You are too small for most types of armour.
You have supernaturally acute eyesight. (SInv)
You are a herbivore.
You cover ground extremely quickly.
You need to consume almost no food.


Message History

Dithmenos welcomes you!
Unknown command.
Press < or > to pray at altars.
There is a basalt altar of Yredelemnul here.
There is a hide-covered altar of Uskayaw here.
There is an open door here.
As you close the door, it creaks loudly!
You open the door.
Sonja, the Graceful Assassin comes into view.
She is wielding a dagger of distortion.
Found 108 gold pieces.
There is an open door here.
Sonja shouts!
Sonja hits you with an uncursed dagger of distortion!
You feel a strange sense of stasis. Sonja misses you.
Sonja completely misses you.
You barely miss Sonja.
Sonja hits you with an uncursed dagger of distortion!
Space warps horribly around you!
Ouch! That really hurt!
You die...

#.)#####+#####'#
#..####..#...#[#
#..#__####..##.#
#..#_____##+#_.+
#⌠⌠#_.∩...+..._#
####_..__##_.#+#
#_____###'#.#
#########.###


+$@$+ #$K$# ##.## #+# You could see Sonja.

Vanquished Creatures
  Sigmund (D)
  A yak (D)
  An ogre (D)
  A jelly (D)
  Ijyb (D)
5 creatures vanquished.

Notes
Turn   | Place    | Note
-------+----------+-------------------------------------------
     0 | D        | Kidiri the Spriggan Enchanter began the quest for the Orb.
     0 | D        | Reached XP level 1. HP: 9/9 MP: 5/5
     2 | D        | Noticed Ijyb
    12 | D        | Killed Ijyb
    12 | D        | Reached skill level 1 in Fighting
    12 | D        | Reached skill level 1 in Armour
    12 | D        | Reached skill level 5 in Stealth
    12 | D        | Reached XP level 2. HP: 6/14 MP: 3/7
   234 | D        | Learned a level 2 spell: Ensorcelled Hibernation
   239 | D        | Noticed an ogre
   241 | D        | Killed an ogre
   241 | D        | Reached skill level 7 in Stealth
   241 | D        | Reached skill level 5 in Spellcasting
   241 | D        | Reached XP level 3. HP: 18/18 MP: 7/10
   241 | D        | Reached XP level 4. HP: 23/23 MP: 8/12
   246 | D        | Learned a level 3 spell: Confuse
   250 | D        | Learned a level 3 spell: Tukima's Dance
   254 | D        | Learned a level 3 spell: Dazzling Spray
   268 | D        | Noticed Sigmund
   270 | D        | Killed Sigmund
   270 | D        | Reached skill level 5 in Short Blades
   270 | D        | Reached skill level 9 in Stealth
   270 | D        | Reached skill level 5 in Hexes
   270 | D        | Reached XP level 5. HP: 27/27 MP: 12/15
   283 | D        | Found a deep blue altar of Sif Muna.
   284 | D        | Found an ornate altar of the Wu Jian Council.
   285 | D        | Found a radiant altar of Vehumet.
   289 | D        | Reached XP level 6. HP: 32/32 MP: 15/17
   338 | D        | Found Causoifi's Antique Armour Emporium.
   338 | D        | Found an ancient bone altar of Kikubaaqudgha.
   338 | D        | Found a hazy altar of Hepliaklqana.
   338 | D        | Found a stormy altar of Qazlal.
   338 | D        | Found a hide-covered altar of Uskayaw.
   338 | D        | Found a blossoming altar of Fedhas.
   338 | D        | Found a bloodstained altar of Trog.
   338 | D        | Found an iron altar of Okawaru.
   338 | D        | Found a basalt altar of Yredelemnul.
   338 | D        | Found a glowing golden altar of the Shining One.
   338 | D        | Found a snail-covered altar of Cheibriados.
   338 | D        | Found a sacrificial altar of Ru.
   338 | D        | Found a glowing silver altar of Zin.
   338 | D        | Found a shadowy altar of Dithmenos.
   338 | D        | Found a white marble altar of Elyvilon.
   338 | D        | Noticed a yak
   339 | D        | Found an opulent altar of Gozag.
   340 | D        | Killed a yak
   340 | D        | Reached skill level 10 in Stealth
   341 | D        | Found a sparkling altar of Nemelex Xobeh.
   347 | D        | Became a worshipper of Dithmenos the Shadowed
   360 | D        | Noticed Sonja
   364 | D        | Slain by Sonja

Vault maps used:
D:        dungeon_sprint_1

Skill      XL: |  1  2  3  4  5  6 |
---------------+-------------------+-----
Fighting       | 1 2 3 |  3.3
Short Blades   | 2 4 5 6 |  6.7
Armour         | 1 2 3 |  3.1
Dodging        | 4 6 8 9 |  9.2
Stealth        | 5 7 9 10 | 10.5
Spellcasting   | 3 5 6 7 |  7.8
Hexes          | 4 5 6 |  6.4

Action                   |  1- 3 |  4- 6 || total
-------------------------+-------+-------++-------
Melee: Dagger            |     6 |     4 ||    10
 Cast: Corona            |     2 |       ||     2
  Use: Potion            |     1 |       ||     1
 Stab: Sleeping          |     1 |     3 ||     4
Dodge: Dodged            |     2 |     2 ||     4

Table legend:
 A = Spawn XP
 B = Non-spawn XP
 C = Spawn XP percentage of total XP
 D = Spawn monster count
 E = Non-spawn monster count
 F = Spawn count percentage of total count
 G = Total turns spent on level
                    A         B        C        D         E        F      G
               +---------+---------+-------+---------+---------+-------+---------
         Total |       0 |     629 |   0.0 |       0 |       5 |   0.0 |   364
               +---------+---------+-------+---------+---------+-------+---------
             D |       0 |     629 |   0.0 |       0 |       5 |   0.0 |   364
               +---------+---------+-------+---------+---------+-------+---------
